Map: Romanticide LE

Players

Krystianer

  • Race: Protoss Protoss
  • League: Grandmaster

LiquidClem (Clem) - Winner!

  • Race: Terran Terran
  • League: Grandmaster

Event: DreamHack SC2 Masters 2021 Summer

VOD

Have the link to the VOD?

Description

Time

  • Played on: May 22, 2021, 11:11 a.m.
  • Length: 11:59

All games in this series

Show
View Real Time Build Order
Export as new Build Order

Krystianer Protoss 

Build Orders: 1 Gate Expand, Zealot Archon, Dark Templar Rush 

Get SALT Encoding   

  12  0:08  Pylon  
  12  0:13  Probe  
  13  0:25  Probe (Chrono Boost)  
  14  0:30  Gateway  
  14  0:34  Probe (Chrono Boost)  
  15  0:40  Probe  
  16  0:43  Assimilator  
  16  0:52  Probe  
  17  1:04  Probe  
  18  1:16  Probe  
  18  1:17  Cybernetics Core  
  19  1:28  Probe  
  19  1:31  Nexus  
  20  1:38  Pylon  
  20  1:42  Probe  
  20  1:47  Assimilator  
  21  1:50  Adept (Chrono Boost)  
  23  1:56  Probe  
  24  2:09  Probe  
  24  2:13  Adept (Chrono Boost)  
  27  2:17  Robotics Facility  
  27  2:21  Probe  
  28  2:30  Warp Gate  
  28  2:33  Probe (Chrono Boost)  
  28  2:38  Adept  
  28  2:43  Probe (Chrono Boost)  
  31  2:51  Probe (Chrono Boost)  
  32  2:53  Probe (Chrono Boost)  
  32  2:56  Twilight Council  
  32  2:57  Probe (Chrono Boost)  
  32  2:58  Probe (Chrono Boost)  
  35  3:09  Probe x2  
  37  3:21  Probe  
  37  3:22  Probe  
  37  3:23  Gateway  
  37  3:25  Gateway  
  39  3:33  Dark Shrine  
  39  3:39  Warp Prism (Chrono Boost)  
  39  3:44  Probe  
  39  3:45  Probe  
  43  3:53  Pylon  
  43  3:58  Probe  
  43  4:00  Pylon  
  44  4:05  Shield Battery  
  44  4:07  Probe  
  44  4:08  Observer  
  44  4:09  Assimilator  
  46  4:11  Probe  
  47  4:19  Stalker x2  
  47  4:21  Probe  
  47  4:23  Probe  
  53  4:35  Probe  
  54  4:41  Pylon  
  54  4:48  Dark Templar x2  
  54  4:51  Dark Templar  
  60  4:55  Nexus  
  60  5:01  Probe x2  
  60  5:02  Charge (Chrono Boost)  
  60  5:06  Gateway  
  61  5:13  Probe  
  62  5:16  Probe  
  61  5:23  Dark Templar  
  61  5:25  Probe  
  61  5:28  Probe  
  63  5:37  Probe  
  63  5:40  Probe  
  63  5:41  Gateway  
  59  5:42  Gateway  
  59  5:43  Zealot x2  
  59  5:47  Gateway  
  59  5:48  Gateway  
  59  5:49  Probe  
  65  5:58  Forge  
  65  6:02  Probe (Chrono Boost)  
  65  6:04  Dark Templar x2  
  65  6:08  Probe (Chrono Boost), Archon  
  65  6:10  Probe (Chrono Boost)  
  71  6:12  Shield Battery  
  73  6:20  Probe (Chrono Boost)  
  73  6:21  Probe (Chrono Boost)  
  73  6:22  Probe (Chrono Boost)  
  74  6:26  Probe (Chrono Boost)  
  74  6:28  Probe  
  74  6:31  Probe  
  74  6:32  Dark Templar x2  
  81  6:37  Archon  
  81  6:39  Zealot x3  
  85  6:46  Zealot x2  
  71  6:58  Zealot  
  71  7:00  Zealot x2  
  75  7:03  Immortal (Chrono Boost)  
  77  7:11  Pylon  
  77  7:12  Probe  
  77  7:13  Probe  
  77  7:15  Blink (Chrono Boost)  
  75  7:18  Probe, Protoss Ground Weapons Level 1 (Chrono Boost)  
  75  7:21  Zealot  
  76  7:25  Pylon  
  76  7:26  Pylon  
  76  7:32  Zealot x4  
  84  7:38  Warp Prism (Chrono Boost)  
  84  7:42  Probe  
  84  7:43  Probe  
  86  7:44  Assimilator  
  86  7:48  Assimilator x2  
  86  7:49  Probe  
  86  7:52  Dark Templar  
  86  7:53  Dark Templar  
  86  7:54  Zealot x5  
  86  7:56  Pylon  
  86  7:58  Probe  
  101  7:59  Archon  
  101  8:03  Pylon  
  101  8:07  Pylon  
  101  8:10  Pylon  
  101  8:13  Pylon  
  101  8:14  Probe x2  
  101  8:17  Sentry  
  101  8:19  Dark Templar x2  
  109  8:23  Archon, Zealot x2  
  113  8:39  Probe  
  114  8:46  Zealot  
  114  8:47  Zealot x4  
  95  8:58  Probe  
  90  9:04  Robotics Bay  
  90  9:06  Robotics Facility  
  90  9:08  Zealot x2  
  90  9:09  Zealot x5  
  100  9:19  Probe  
  98  9:24  Probe  
  98  9:25  Probe  
  98  9:38  Zealot  
  98  9:39  Zealot x6  
  90  10:00  Stalker x4  
  90  10:02  Colossus (Chrono Boost)  
  90  10:04  Probe  
  97  10:08  Dark Templar x2  
  107  10:15  Extended Thermal Lance  
  107  10:18  Colossus (Chrono Boost)  
  107  10:25  Probe  
  107  10:26  Probe  
  107  10:27  Shield Battery  
  109  10:29  Nexus  
  109  10:32  Pylon  
  109  10:37  Colossus (Chrono Boost), Forge  
  109  10:39  Probe  
  109  10:41  Probe  
  114  10:51  Zealot  
  114  10:52  Zealot x6  
  92  11:12  Zealot x2  
  92  11:13  Zealot x5  
  94  11:21  Probe x2  
  94  11:23  Probe  
  94  11:25  Observer (Chrono Boost)  
  84  11:35  Dark Templar  
  84  11:36  Zealot, Dark Templar x3  
  84  11:37  Zealot x2  
  84  11:38  Observer (Chrono Boost), Shield Battery  
  84  11:39  Gateway  
  99  11:40  Archon x2  
  92  11:47  Probe x2  
Show
View Real Time Build Order
Export as new Build Order

LiquidClem Terran - Winner!

Build Orders: Reaper Expand 

Get SALT Encoding   

  12  0:00  SCV  
  13  0:12  SCV  
  14  0:17  Supply Depot  
  14  0:24  SCV  
  15  0:38  SCV  
  15  0:41  Barracks  
  16  0:45  Refinery  
  16  0:50  SCV  
  17  1:02  SCV  
  18  1:14  SCV  
  19  1:27  Orbital Command  
  19  1:28  Reaper  
  20  1:41  Command Center  
  20  1:50  Supply Depot  
  20  1:53  SCV  
  21  1:59  Marine  
  22  2:05  SCV  
  23  2:09  Factory  
  23  2:16  Bunker  
  23  2:18  SCV  
  23  2:21  Barracks Reactor  
  24  2:27  Refinery  
  24  2:30  SCV  
  25  2:42  SCV  
  25  2:54  SCV  
  25  2:56  Orbital Command  
  26  3:01  Starport  
  26  3:05  Barracks Tech Lab  
  26  3:06  SCV  
  26  3:09  Hellion x2  
  31  3:18  SCV  
  32  3:21  SCV  
  32  3:24  Supply Depot  
  33  3:30  SCV  
  33  3:33  SCV  
  35  3:36  Marine x2  
  35  3:40  Siege Tank  
  35  3:41  Starport Tech Lab  
  39  3:42  SCV  
  39  3:45  SCV  
  39  3:47  Supply Depot  
  41  3:54  SCV, Marine x2  
  44  3:57  SCV  
  44  3:59  Viking  
  47  4:07  SCV  
  47  4:09  SCV  
  49  4:15  Command Center  
  49  4:19  Marine x2  
  49  4:20  SCV  
  49  4:22  SCV  
  53  4:29  Siege Tank  
  53  4:30  Supply Depot  
  56  4:35  SCV x2  
  56  4:38  Marine x2  
  58  4:42  Raven  
  58  4:43  Barracks  
  62  4:47  Barracks  
  62  4:51  SCV x2  
  64  4:57  Refinery, Supply Depot  
  64  4:58  Marine x2  
  66  5:03  SCV x2  
  68  5:09  Supply Depot  
  68  5:12  Siege Tank  
  68  5:15  SCV x2  
  68  5:19  Marine  
  69  5:28  SCV  
  66  5:35  Marine  
  66  5:38  SCV, Marine  
  69  5:42  Orbital Command  
  69  5:44  SCV  
  70  5:50  SCV, Starport Reactor  
  70  5:51  Marine x2  
  70  5:53  Marine  
  70  5:56  SCV, Marine  
  76  5:59  Refinery  
  76  6:02  Orbital Command, Engineering Bay  
  76  6:04  SCV  
  76  6:08  SCV  
  76  6:11  Stimpack  
  78  6:12  Marine x2  
  78  6:16  Marauder  
  82  6:19  SCV, Marine  
  82  6:22  SCV  
  85  6:28  Factory Reactor, Supply Depot  
  85  6:30  SCV, Marine  
  85  6:32  SCV, Terran Infantry Weapons Level 1  
  88  6:34  SCV  
  88  6:38  Marauder  
  91  6:41  Marauder  
  91  6:44  SCV  
  91  6:47  Marine  
  90  6:49  SCV  
  90  6:51  Marine  
  90  6:54  SCV  
  90  6:56  SCV  
  90  6:59  Marauder  
  91  7:01  Supply Depot  
  91  7:02  SCV, Marauder  
  91  7:04  Combat Shield  
  91  7:06  SCV  
  94  7:10  SCV  
  94  7:11  Marine x2  
  94  7:13  Widow Mine  
  94  7:14  Widow Mine  
  88  7:17  SCV  
  88  7:19  Medivac  
  88  7:20  Medivac  
  88  7:21  Marauder  
  91  7:26  Supply Depot  
  91  7:29  SCV  
  94  7:30  Marauder  
  94  7:34  Marine x2  
  94  7:36  Widow Mine x2  
  100  7:39  SCV x2, Supply Depot  
  102  7:46  Barracks  
  102  7:48  Barracks, Marauder  
  102  7:50  SCV  
  105  7:51  SCV  
  105  7:52  SCV, Supply Depot  
  105  7:53  Marine x2  
  105  7:56  Marauder, Concussive Shells  
  111  8:01  Missile Turret  
  111  8:05  Missile Turret  
  111  8:07  Widow Mine x2, Missile Turret  
  111  8:09  SCV  
  111  8:10  Supply Depot  
  111  8:11  SCV  
  111  8:12  SCV  
  118  8:14  Marine  
  118  8:15  Marine  
  118  8:19  Refinery x2  
  120  8:20  Marauder  
  120  8:22  Marauder  
  120  8:26  Terran Infantry Armor Level 1, Medivac x2  
  128  8:30  Supply Depot  
  128  8:31  SCV x2  
  128  8:32  Supply Depot  
  130  8:36  Barracks Tech Lab  
  130  8:37  Barracks Reactor  
  130  8:40  Marine x2, Supply Depot  
  130  8:41  Marauder  
  130  8:42  Widow Mine x2  
  130  8:48  Marauder  
  138  8:54  Command Center  
  128  8:57  Marauder  
  128  9:01  Marine  
  128  9:02  SCV, Marine  
  130  9:03  Marauder  
  130  9:04  Medivac x2  
  140  9:10  Widow Mine x2, SCV, Ghost Academy  
  140  9:12  Marauder  
  143  9:17  Marine x2  
  143  9:18  Marauder, Supply Depot  
  143  9:24  SCV x2  
  149  9:25  Marine x2  
  149  9:26  Marine  
  152  9:32  Supply Depot  
  152  9:33  Marauder  
  152  9:35  Armory, Engineering Bay  
  152  9:37  Widow Mine x2  
  158  9:39  Marine x2  
  158  9:40  Marauder  
  158  9:45  Marauder, Medivac x2  
  166  9:47  Marine x2  
  159  9:55  SCV, Marauder  
  159  9:56  Marine  
  155  10:01  Marauder  
  155  10:02  Widow Mine  
  155  10:03  Widow Mine, Marine  
  155  10:05  Supply Depot  
  162  10:12  Marine x2  
  164  10:16  Ghost  
  164  10:17  Ghost  
  166  10:21  Marine  
  166  10:22  Ghost  
  169  10:29  Marine, Missile Turret  
  169  10:35  Barracks  
  170  10:36  Barracks x2, Planetary Fortress  
  170  10:41  SCV  
  169  10:45  Ghost, Marine x2  
  169  10:46  SCV  
  172  10:50  Viking  
  172  10:54  Viking  
  172  10:56  Marauder  
  169  10:59  Marine  
  169  11:00  Ghost, Marine  
  169  11:02  Marine  
  157  11:05  Widow Mine x2  
  157  11:08  SCV  
  157  11:10  Marine  
  155  11:14  Marauder  
  155  11:18  Marauder, Marine x2  
  154  11:23  Marine  
  154  11:24  Barracks Reactor, Barracks Tech Lab x2  
  149  11:26  Widow Mine, Viking  
  149  11:28  Viking  
  149  11:30  Marauder  
  157  11:35  Marauder  
  157  11:39  Marine  
Tags
 
Add a new tag
Caveats
  • Supply blocks, unpowered buildings, or Contaminate may cause inaccurate times.
  • Supply counts are checked every 10 seconds.